 Dungeon Crawl Stone Soup version 0.27-a0-1555-g0e7b3fb (webtiles) character file.

Game seed: 9654832493679492334

97154 Illumine the Geomancer (level 15, -9/128 HPs)
             Began as a Red Draconian Earth Elementalist on July 13, 2021.
             Was a High Priest of Vehumet.
             Mangled by a merfolk (16 damage)
             ... on level 4 of the Shoals on July 15, 2021.
             The game lasted 01:32:19 (39018 turns).

Illumine the Geomancer (DrEE)                      Turns: 39018, Time: 01:32:19

Health: -9/128     AC: 16    Str: 21    XL:     15   Next: 71%
Magic:  3/29       EV:  8    Int: 21    God:    Vehumet [*****.]
Gold:   1987       SH:  0    Dex: 15    Spells: 2/35 levels left

rFire    + + +     SeeInvis +   Z - staff of earth
rCold    . . .     Faith    .   n - +0 buckler
rNeg     + + .     Spirit   .   (armour unavailable)
rPois    +         Reflect  +   R - +2 hat
rElec    +         Harm     .   A - +0 cloak of Zastioni {rPois Regen+ Str+3 Dex+4}
rCorr    +         Rampage  .   S - +0 pair of gloves
Will     +....                  T - +2 pair of boots of Guatemn {Drain rF+ rCorr SInv}
Stlth    ++........             P - amulet of Ucrut {Reflect rElec Str+6 SH+5}
HPRegen  1.31/turn              K - ring of the Last Blessings {Wiz rN++ Will-}
MPRegen  0.21/turn              Y - ring "Geicus" {rF+ Will+}

@: engulfed (cannot breathe), held
A: breathe fire, AC +9, unfitting armour, fire resistance 1, cold-blooded
a: Breathe Fire, Renounce Religion


You were on level 4 of the Shoals.
You worshipped Vehumet.
Vehumet was extremely pleased with you.
You visited 5 branches of the dungeon, and saw 25 of its levels.
You also visited: Sewer and Gauntlet.

You collected 3130 gold pieces.
You spent 1143 gold pieces at shops.

Inventory:

Hand Weapons
 x - the +7 falchion of Buasoulu {flame, rPois Int-3 Dex+3 Stlth+}
   (You found it on level 4 of the Dungeon)

   It burns those it strikes, dealing additional fire damage.
   Big, fiery blades are also staple armaments of hydra-hunters.
   Int:       It affects your intelligence (-3).
   Dex:       It affects your dexterity (+3).
   rPois:     It protects you from poison.
   Stlth:     It makes you more stealthy.
 L - the +1 broad axe of Tension {freeze, rElec}
   (You found it in a Gauntlet)

   It freezes those it strikes, dealing additional cold damage.
   It can also slow down cold-blooded creatures.
   rElec:     It insulates you from electricity.
 V - a +3 long sword of electrocution
Missiles
 w - 273 stones (quivered)
Armour
 n - a +0 buckler (worn)
 A - the +0 cloak of Zastioni (worn) {rPois Regen+ Str+3 Dex+4}
   (You found it in a Gauntlet)

   Str:       It affects your strength (+3).
   Dex:       It affects your dexterity (+4).
   rPois:     It protects you from poison.
   Regen:     It increases your rate of health regeneration.
 D - the +15 Maxwell's patent armour {-Cast -Tele rElec Will+ rCorr}
   (You found it in a Gauntlet)

   rElec:     It insulates you from electricity.
   -Cast:     It prevents spellcasting.
   -Tele:     It prevents most forms of teleportation.
   rCorr:     It protects you from acid and corrosion.
   Will:      It increases your willpower.
 R - a +2 hat (worn)
 S - a +0 pair of gloves (worn)
 T - the +2 pair of boots of Guatemn (worn) {Drain rF+ rCorr SInv}
   (You found it on level 5 of the Lair of Beasts)

   rF:        It protects you from fire.
   SInv:      It lets you see invisible.
   rCorr:     It protects you from acid and corrosion.
   Drain:     It drains your maximum health when unequipped.
Magical Staves
 l - a staff of conjuration
 Z - a staff of earth (weapon)
Jewellery
 k - a ring of see invisible
 v - a ring of willpower
 B - the ring of Puyvoc {rElec rC+ rCorr Str+2 Stlth+}
   (You acquired it on level 2 of the Orcish Mines)

   [ring of resist corrosion]

   Str:       It affects your strength (+2).
   rC:        It protects you from cold.
   rElec:     It insulates you from electricity.
   rCorr:     It protects you from acid and corrosion.
   Stlth:     It makes you more stealthy.
 K - the ring of the Last Blessings (left hand) {Wiz rN++ Will-}
   (You found it on level 1 of the Lair of Beasts)

   [ring of wizardry]

   It improves your spell success rate.
   rN:        It greatly protects you from negative energy.
   Will:      It decreases your willpower.
 N - a ring of ice
 P - the amulet of Ucrut (around neck) {Reflect rElec Str+6 SH+5}
   (You took it off a minotaur in a Gauntlet)

   [amulet of reflection]

   It reflects blocked missile attacks.
   Str:       It affects your strength (+6).
   rElec:     It insulates you from electricity.
   SH:        It affects your SH (+5).
 X - the ring of Kikubaaqudgha's Whim {Dex+3 Slay+4}
   (You bought it in a shop on level 2 of the Orcish Mines)

   [ring of slaying]

   Dex:       It affects your dexterity (+3).
   Slay:      It affects your accuracy & damage with ranged weapons and melee
   (+4).
 Y - the ring "Geicus" (right hand) {rF+ Will+}
   (You bought it in a shop on level 2 of the Orcish Mines)

   [ring of willpower]

   rF:        It protects you from fire.
   Will:      It increases your willpower.
Wands
 e - a wand of acid (34)
 t - a wand of polymorph (11)
 y - a wand of charming (10)
 E - a wand of paralysis (17)
 U - a wand of mindburst (28)
Scrolls
 a - 3 scrolls of summoning
 d - 2 scrolls of enchant weapon
 f - 2 scrolls of enchant armour
 m - a scroll of amnesia {unknown}
 o - 5 scrolls of teleportation
 p - 5 scrolls of fog
 q - 2 scrolls of magic mapping
 r - 2 scrolls of fear
 z - a scroll of silence {unknown}
 F - 3 scrolls of vulnerability
 I - a scroll of blinking {unknown}
 M - a scroll of immolation {unknown}
 O - a scroll of brand weapon {unknown}
Potions
 c - 4 potions of haste
 g - 6 potions of brilliance
 h - 3 potions of mutation
 j - a potion of cancellation {unknown}
 s - a potion of attraction {unknown}
 u - 4 potions of lignification
 C - 9 potions of flight
 G - 2 potions of magic
 H - 2 potions of might
 J - a potion of curing
 Q - 2 potions of invisibility
 W - 10 potions of ambrosia
Miscellaneous
 b - a lightning rod (4/4)


   Skills:
 + Level 10.5 Fighting
 - Level 2.0(5.1) Short Blades
 - Level 7.4(7.6) Long Blades
 * Level 4.4 Staves
 + Level 9.0 Dodging
 - Level 1.7 Stealth
 - Level 4.0 Shields
 + Level 10.8 Spellcasting
 + Level 11.2 Conjurations
 - Level 7.1 Hexes
 * Level 8.9 Summonings
 - Level 1.0 Transmutations
 - Level 11.3 Earth Magic
 + Level 6.5 Evocations


You had 2 spell levels left.
You knew the following spells:

 Your Spells              Type           Power      Damage    Failure   Level
a - Sandblast             Erth           100%       2d20      1%          1
b - Stone Arrow           Conj/Erth      100%       3d13      1%          3
c - Cause Fear            Hex            20%        N/A       1%          4
d - Iron Shot             Conj/Erth      36%        9d7       1%          6
e - Summon Guardian Gole  Hex/Summ       45%        N/A       1%          3
f - Lee's Rapid Deconstr  Erth           36%        3d19*     1%          5
g - Spellforged Servitor  Conj/Summ      26%        N/A       10%         7
h - Summon Lightning Spi  Summ/Air       30%        N/A       4%          4

Your spell library contained the following spells:

 Spells                   Type           Power      Damage    Failure   Level
 Conjure Ball Lightning   Conj/Air       17%        3x3d6     11%         6
 Ensorcelled Hibernation  Hex/Ice        52%        N/A       1%          2
 Passwall                 Tmut/Erth      45%        N/A       1%          2
 Inner Flame              Hex/Fire       26%        N/A       1%          3
 Portal Projectile        Hex/Tloc       52%        N/A       1%          3
 Petrify                  Tmut/Erth      54%        N/A       1%          4
 Lightning Bolt           Conj/Air       17%        1d31      2%          5
 Summon Mana Viper        Hex/Summ       45%        N/A       2%          5
 Spider Form              Tmut/Pois      6%         N/A       6%          3
 Orb of Destruction       Conj           27%        9d11      6%          7
 Airstrike                Air            5%         N/A       7%          4
 Olgreb's Toxic Radiance  Pois           11%        N/A       7%          4
 Ozocubu's Armour         Ice            11%        N/A       8%          3
 Shadow Creatures         Summ           N/A        N/A       9%          6
 Summon Forest            Summ/Tloc      15%        N/A       11%         5
 Lehudib's Crystal Spear  Conj/Erth      36%        10d9      34%         8
 Blade Hands              Tmut           7%         N/A       38%         5
 Excruciating Wounds      Necr           5%         N/A       52%         5
 Ozocubu's Refrigeration  Ice            5%         4d6       97%         7
 Dragon Form              Tmut           7%         N/A       100%        7
 Discord                  Hex            20%        N/A       100%        8
 Ignition                 Fire           5%         3d4       100%        8
 Dragon's Call            Summ           24%        N/A       100%        9
 Animate Armour           Summ/Erth      Unusable   N/A       N/A         4

Dungeon Overview and Level Annotations

Branches:
Dungeon (12/15)            Temple (1/1) D:6            Lair (6/6) D:10
 Shoals (4/4) Lair:2        Snake (0/4) Lair:2        Slime (0/5) Lair:5
    Orc (2/2) D:10            Elf (0/3) Orc:2         Sewer (visited)
Gauntlet (visited)

Altars:
Ashenzari
Cheibriados
Dithmenos
Elyvilon
Fedhas
Gozag
Hepliaklqana
Kikubaaqudgha
Makhleb
Nemelex Xobeh
Okawaru
Qazlal
Ru
Sif Muna
Trog
Uskayaw
Vehumet
Wu Jian
Xom
Yredelemnul
Zin
The Shining One
Beogh
Jiyva

Shops:
D:5 :   D:10 (   Orc:2 =(:*

Annotations:
D:12 Frances
Lair:5 4 runed translucent doors, vykuza's ghost, journeyman MiFi


Innate Abilities, Weirdness & Mutations

You can breathe blasts of fire.
Your fiery red scales are hard. (AC +9)
You cannot fit into any form of body armour.
Your flesh is heat resistant. (rF+)
You are cold-blooded and may be slowed by cold attacks.


Message History

You barely miss the water elemental.
You tail-slap the water elemental, but do no damage.
The merfolk completely misses you.
The merfolk hits you from afar with a +0 trident!
The water elemental closely misses you.
Your spellforged servitor casts a spell at the merfolk.
The iron shot hits the merfolk!!!
The wind drake flaps its wings at you. The air twists around and strikes you.
* * * LOW HITPOINT WARNING * * *
The merfolk hits you from afar with a +0 trident!
* * * LOW HITPOINT WARNING * * *
Unknown command.
The merfolk hits your spellforged servitor from afar with a +0 trident.
The merfolk throws a throwing net.
The throwing net hits you.
You become entangled in the net!
You see here a throwing net.
Unknown command.
You feel much better.
The merfolk hits your spellforged servitor from afar with a +0 trident!
The merfolk hits you from afar with a +0 trident!
Your spellforged servitor casts a spell at the merfolk.
The iron shot hits the merfolk!!
The wind drake flaps its wings at you. The air twists around and strikes you.
The water elemental hits you!
* * * LOW HITPOINT WARNING * * *
The merfolk hits you from afar with a +0 trident.
* * * LOW HITPOINT WARNING * * *
Unknown command.
You tear a large gash into the net.
The merfolk hits your spellforged servitor from afar with a +0 trident!
The merfolk hits you from afar with a +0 trident!
* * * LOW HITPOINT WARNING * * *
The merfolk barely misses your spellforged servitor.
The water elemental hits you.
* * * LOW HITPOINT WARNING * * *
The water elemental engulfs you in water!
The snapping turtle barely misses you.
The merfolk hits you from afar with a +0 trident!
You die...

≈≈≈,,,,,,,,≈≈≈≈≈≈≈≈≈≈≈≈,,*,,,,,*≈
≈≈,,,,,,,....≈≈≈*****≈,,,**,,,**≈
≈,,,,,,,,....≈≈**,,,*#...)######*
,,,,,,,,,.....≈*,,,,,#.........#*
,,,,,,,,,.....,*,,,,,#.........##
,,,,,,,*,...(..*,,,,,#.....≈≈?...
,,,,,,,,,......#*,,,##.....≈≈≈≈≈≈
,,,,,*,∩,#......##+##....#..≈≈≈≈≈
,,,,,,,,,......k@8.......#..≈≈≈≈≈
,,,,,,,*,..≈....E.mm........<≈≈≈≈
,,,,,,,,,.≈≈....tmm).......≈≈≈≈≈≈
,,,,,,,,,..≈..............≈≈≈≈≈≈≈
,,,,,,,,,................≈≈≈≈≈≈≈≈
,,,,,,,,,..............≈≈≈≈≈≈≈≈≈≈
,,,,,,,,,..........≈≈≈≈≈≈≈≈≈≈≈≈≈≈
,,,,,,,,,.....≈≈≈≈..≈≈≈≈≈≈≈≈≈≈≈≈≈
,,,,,,,,,,...≈≈≈≈≈≈≈≈≈≈≈≈≈≈≈≈≈≈≈≈


You could see a snapping turtle (summoned), a wind drake (repels missiles), 4
merfolk, a water elemental (summoned) and a friendly spellforged servitor
(summoned).

Vanquished Creatures
  Kirke (Lair:5)
  A minotaur (Gauntlet)
  Josephine (D:10)
  Erolcha (D:10)
  3 boulder beetles
  A merfolk avatar (Shoals:4)
  9 hydras
  A death knight (D:11)
  A deep troll earth mage (D:10)
  3 two-headed ogres
  6 death yaks
  7 orc high priests
  Sonja (Lair:2)
  A fire crab (Lair:2)
  3 sea snakes
  A death drake (Gauntlet)
  A skeletal warrior (D:12)
  9 harpies
  Pikel (D:9)
  A deep elf pyromancer (D:12)
  An oklob plant (Lair:2)
  An orc knight (Orc:2)
  An ugly thing (D:11)
  3 fauns (Shoals:3)
  19 elephants
  A worldbinder (Gauntlet)
  5 manticores
  A spectral centaur (Gauntlet)
  An apocalypse crab (Gauntlet)
  21 cane toads
  A water nymph (Shoals:3)
  5 black mambas
  2 merfolk sirens
  An ice statue (D:9)
  A gargoyle (D:12)
  2 rime drakes (Lair:2)
  An unseen horror (D:12)
  Maggie (D:9)
  3 kobold demonologists
  17 komodo dragons
  6 merfolk
  4 trolls
  A harpy zombie (Gauntlet)
  4 polar bears
  A wolf spider simulacrum (D:12)
  A queen bee (D:10)
  10 blink frogs
  5 hornets (Lair:6)
  A wind drake (Lair:2)
  6 slime creatures (D:12)
  2 dream sheep (Lair:6)
  A shadow (D:10)
  2 snapping turtles
  8 wraiths
  13 spriggans (Lair:6)
  A water elemental (Shoals:2)
  5 wyverns
  3 basilisks
  2 hogs (Lair:5)
  45 yaks
  A steam dragon (D:7)
  9 wargs (Orc:2)
  4 swamp worms (Lair:5)
  An acid dragon (D:11)
  17 water moccasins
  2 sky beasts
  2 ice beasts
  15 orc warriors
  5 black bears
  3 boggarts (Lair:6)
  5 ogres
  35 wolves
  7 centaurs
  A lemure (D:9)
  5 kobold brigands
  3 gnoll sergeants
  13 bullfrogs
  3 scorpions
  42 killer bees
  11 wights (D:6)
  2 electric eels
  A howler monkey (D:5)
  2 bullfrog zombies
  3 hounds (D:6)
  A jelly (D:4)
  A centaur skeleton (D:4)
  4 centaur zombies
  38 orc priests
  2 iguanas
  16 orc wizards
  A statue (D:12)
  A howler monkey zombie (D:9)
  12 gnolls
  8 adders
  A river rat (D:6)
  A shadow imp (D:5)
  A white imp (D:6)
  An adder skeleton (D:4)
  2 worms
  A dart slug (D:4)
  66 orcs
  10 endoplasms
  9 giant cockroaches
  5 goblins
  3 hobgoblins
  12 jackals
  5 quokkas
  5 ball pythons
  11 bats
  5 frilled lizards
  31 kobolds
  5 rats
712 creatures vanquished.

Vanquished Creatures (collateral kills)
  A merfolk impaler (Shoals:4)
  An orc knight (Orc:2)
  A manticore (Shoals:3)
  A snapping turtle (Shoals:3)
  A warg (Orc:2)
  An orc warrior (Orc:2)
  An ogre (Orc:2)
  2 orc priests (Orc:2)
  2 orcs (Orc:2)
11 creatures vanquished.

Vanquished Creatures (others)
  A briar patch (Lair:5)
  2 demonic plants (Gauntlet)
  63 fungi
  137 plants
  14 withered plants (Gauntlet)
217 creatures vanquished.

Grand Total: 940 creatures vanquished

Notes
Turn   | Place    | Note
-------+----------+-------------------------------------------
     0 | D:1      | Illumine the Draconian Earth Elementalist began the quest
                  | for the Orb.
     0 | D:1      | Reached XP level 1. HP: 14/14 MP: 3/3
   572 | D:1      | Reached XP level 2. HP: 20/20 MP: 3/5
  1317 | D:2      | Reached XP level 3. HP: 16/26 MP: 0/6
  1764 | D:2      | Learned a level 3 spell: Stone Arrow
  2102 | D:2      | Reached XP level 4. HP: 32/33 MP: 4/8
  2169 | D:2      | Reached skill level 1 in Shields
  2595 | D:3      | Noticed an ogre
  2606 | D:3      | Killed an ogre
  2607 | D:3      | Reached skill level 1 in Conjurations
  2607 | D:3      | Reached XP level 5. HP: 38/38 MP: 4/10
  3107 | D:4      | Upgraded the game from 0.27-a0-1546-ge6b0c8b to
                  | 0.27-a0-1548-gf8a67e7
  3289 | D:4      | Reached XP level 6. HP: 44/45 MP: 5/11
  3343 | D:4      | Found a hide-covered altar of Uskayaw.
  3925 | D:4      | Identified the +7 falchion of Buasoulu {flame, rPois Int-3
                  | Dex+3 Stlth+}
  3927 | D:4      | Upgraded the game from 0.27-a0-1548-gf8a67e7 to
                  | 0.27-a0-1553-g57bb12a
  4080 | D:4      | Found a blossoming altar of Fedhas.
  4333 | D:5      | Entered Level 5 of the Dungeon
  4333 | D:5      | Noticed a sky beast
  4333 | D:5      | Noticed a sky beast
  4346 | D:5      | Reached skill level 5 in Earth Magic
  4346 | D:5      | Your scales start taking on a fiery red colour.
  4346 | D:5      | Reached XP level 7. HP: 50/50 MP: 6/13
  4346 | D:5      | Gained mutation: Your flesh is heat resistant. (rF+) [Red
                  | Draconian growth]
  4445 | D:5      | Noticed a wyvern
  4451 | D:5      | Killed a wyvern
  4567 | D:5      | Found Ifranom's Book Boutique.
  5058 | D:4      | Reached skill level 1 in Fighting
  5058 | D:4      | Reached XP level 8. HP: 17/59 MP: 0/15
  5332 | D:5      | Reached skill level 1 in Evocations
  5811 | D:5      | Learned a level 4 spell: Cause Fear
  5860 | D:5      | Found a sacrificial altar of Ru.
  5917 | D:6      | Reached skill level 5 in Spellcasting
  6070 | D:6      | Found a glowing drain.
  6083 | Sewer    | Entered a sewer
  6498 | D:6      | Reached skill level 1 in Hexes
  6700 | D:6      | Found a staircase to the Ecumenical Temple.
  6755 | Temple   | Entered the Ecumenical Temple
  6944 | Temple   | Became a worshipper of Vehumet
  7211 | D:6      | Reached XP level 9. HP: 53/66 MP: 11/17
  7471 | D:6      | Found an ornate altar of the Wu Jian Council.
  7720 | D:7      | Reached skill level 5 in Conjurations
  8096 | D:7      | Paralysed by a gnoll for 2 turns
  9572 | D:8      | Reached * piety under Vehumet
  9572 | D:8      | Offered knowledge of Magic Dart by Vehumet.
 10645 | D:9      | Noticed an ice statue
 10653 | D:9      | Killed an ice statue
 10679 | D:9      | Reached XP level 10. HP: 80/80 MP: 7/19
 10918 | D:9      | Noticed Pikel
 10989 | D:8      | Upgraded the game from 0.27-a0-1553-g57bb12a to
                  | 0.27-a0-1555-g0e7b3fb
 11305 | D:9      | Killed Pikel
 11431 | D:9      | Reached skill level 5 in Fighting
 11431 | D:9      | Reached skill level 1 in Short Blades
 11949 | D:9      | Noticed Maggie
 11957 | D:10     | Entered Level 10 of the Dungeon
 12066 | D:10     | Found a bloodstained altar of Trog.
 12066 | D:10     | Found a hazy altar of Hepliaklqana.
 12124 | D:10     | Found Plog's Weapon Boutique.
 12125 | D:10     | Found a staircase to the Orcish Mines.
 12126 | D:10     | Found a staircase to the Lair.
 12345 | D:5      | Bought Sif Muna's Catalogue of Stones and Transformation
                  | for 408 gold pieces
 12352 | D:5      | Learned a level 6 spell: Iron Shot
 12726 | D:10     | Noticed a deep troll earth mage
 12803 | D:10     | Noticed Erolcha
 12834 | Lair:1   | Entered Level 1 of the Lair of Beasts
 12834 | Lair:1   | Noticed a cane toad
 12837 | Lair:1   | Killed a cane toad
 12838 | Lair:1   | Reached skill level 5 in Dodging
 12978 | Lair:1   | Reached skill level 1 in Long Blades
 12983 | Lair:1   | Noticed a cane toad
 13023 | Lair:1   | Reached ** piety under Vehumet
 13023 | Lair:1   | Offered knowledge of Shock by Vehumet.
 13378 | Lair:1   | Killed a cane toad
 13379 | Lair:1   | Reached XP level 11. HP: 73/89 MP: 8/21
 13994 | Lair:1   | Reached skill level 5 in Evocations
 14027 | Lair:1   | Identified the ring of the Last Blessings {Wiz rN++ Will-}
 14720 | Lair:2   | Found a staircase to the Shoals.
 14803 | Lair:2   | Found a staircase to the Snake Pit.
 14920 | Lair:2   | Noticed Sonja
 14930 | Lair:2   | Killed Sonja
 15695 | Lair:2   | Reached skill level 5 in Hexes
 16020 | Lair:2   | Offered knowledge of Frozen Ramparts by Vehumet.
 16212 | Lair:2   | Noticed a death yak
 16241 | Lair:3   | Noticed a four-headed hydra
 16506 | Lair:2   | Reached XP level 12. HP: 97/97 MP: 9/24
 16736 | Lair:3   | Killed a four-headed hydra
 16736 | Lair:3   | Reached *** piety under Vehumet
 17528 | Lair:2   | Killed a death yak
 17715 | Lair:2   | Offered knowledge of Hailstorm by Vehumet.
 18642 | Lair:2   | Noticed a four-headed hydra
 18651 | Lair:2   | Killed a three-headed hydra
 18657 | Lair:2   | Reached skill level 10 in Earth Magic
 20060 | Lair:4   | Noticed a four-headed hydra
 20134 | Lair:4   | Killed a three-headed hydra
 20449 | Lair:4   | Noticed a four-headed hydra
 20450 | Lair:4   | Noticed a boulder beetle
 20475 | Lair:3   | Reached **** piety under Vehumet
 20823 | Lair:4   | Killed a one-headed hydra
 20824 | Lair:4   | Reached skill level 5 in Long Blades
 20824 | Lair:4   | Reached XP level 13. HP: 80/107 MP: 19/26
 22097 | Lair:5   | Learned a level 3 spell: Summon Guardian Golem
 22233 | Lair:5   | Found a transporter.
 22271 | Lair:5   | Found a runed translucent gate.
 22272 | Lair:5   | Found a runed translucent gate.
 22327 | Lair:5   | Found a runed translucent gate.
 22492 | Lair:5   | Reached skill level 1 in Summonings
 22712 | Lair:5   | Offered knowledge of Olgreb's Toxic Radiance by Vehumet.
 22817 | Lair:5   | Found a runed translucent door.
 22817 | Lair:5   | Found a viscous altar of Jiyva.
 22818 | Lair:5   | Found a staircase to the Slime Pits.
 22974 | Lair:5   | HP: 2/108 [elephant (6)]
 23418 | Lair:5   | You fall into a shaft and drop 1 floor!
 23418 | Lair:6   | Entered Level 6 of the Lair of Beasts
 24404 | Lair:6   | Learned a level 5 spell: Lee's Rapid Deconstruction
 25051 | Lair:6   | Reached skill level 10 in Conjurations
 25522 | Lair:6   | Reached ***** piety under Vehumet
 25522 | Lair:6   | Offered knowledge of Yara's Violent Unravelling by Vehumet.
 25913 | Lair:6   | Reached XP level 14. HP: 64/118 MP: 16/27
 26776 | Lair:6   | Reached skill level 5 in Summonings
 27124 | Lair:6   | Reached skill level 10 in Spellcasting
 27536 | Lair:5   | Noticed vykuza's ghost (journeyman MiFi)
 28015 | Lair:5   | Found a transporter.
 28016 | Lair:5   | Noticed Kirke
 28024 | Lair:5   | Noticed a sphinx
 28031 | Lair:5   | Killed Kirke
 28405 | Lair:5   | Identified the +2 pair of boots of Guatemn {Drain rF+ rCorr
                  | SInv}
 28899 | D:9      | Killed Maggie
 29340 | D:10     | Noticed Josephine
 29364 | D:10     | Killed Josephine
 29385 | D:10     | Offered knowledge of Bolt of Magma by Vehumet.
 29599 | D:10     | Killed Erolcha
 30591 | Orc:1    | Entered Level 1 of the Orcish Mines
 31637 | Orc:2    | Entered Level 2 of the Orcish Mines
 31745 | Orc:2    | Learned a level 7 spell: Spellforged Servitor
 31769 | Orc:2    | Found a staircase to the Elven Halls.
 31801 | Orc:2    | Offered knowledge of Eringya's Noxious Bog by Vehumet.
 33664 | Orc:2    | Found Fumm's Jewellery Emporium.
 33664 | Orc:2    | Found Okybu's Antique Weapon Shop.
 34477 | Orc:2    | Found Ocuzonn's Book Emporium.
 34477 | Orc:2    | Found Ylaor's Assorted Antiques.
 34492 | Orc:2    | Bought a faintly glowing brass ring for 150 gold pieces
 34492 | Orc:2    | Identified the ring of Kikubaaqudgha's Whim {Dex+3 Slay+4}
                  | (You bought it in a shop on level 2 of the Orcish Mines)
 34574 | Orc:2    | Bought the ring "Geicus" {rF+ Will+} for 585 gold pieces
 34575 | Orc:2    | Identified 2 scrolls of acquirement
 34576 | Orc:2    | Acquired the ring of Puyvoc {rElec rC+ rCorr Str+2 Stlth+}
 34577 | Orc:2    | Acquired a staff of conjuration
 34799 | D:11     | Reached XP level 15. HP: 126/126 MP: 16/29
 35025 | D:11     | Reached skill level 10 in Fighting
 35594 | D:11     | Learned a level 4 spell: Summon Lightning Spire
 35977 | D:12     | Reached skill level 1 in Staves
 35986 | D:12     | Found a gate leading to a gauntlet.
 36011 | Gauntlet | Entered a Gauntlet
 36011 | Gauntlet | Found a transporter.
 36011 | Gauntlet | Found a transporter.
 36025 | Gauntlet | Found a transporter.
 36025 | Gauntlet | Found a transporter.
 36038 | Gauntlet | Found a transporter.
 36041 | Gauntlet | Found a transporter.
 36047 | Gauntlet | Found a transporter.
 36047 | Gauntlet | Found a transporter.
 36050 | Gauntlet | Found a transporter.
 36113 | Gauntlet | Found a transporter.
 36132 | Gauntlet | Found a transporter.
 36210 | Gauntlet | Identified the +0 cloak of Zastioni {rPois Regen+ Str+3
                  | Dex+4}
 36228 | Gauntlet | Found a transporter.
 36418 | Gauntlet | Identified the amulet of Ucrut {Reflect rElec Str+6 SH+5}
 36443 | Gauntlet | Found the +15 Maxwell's patent armour {-Cast -Tele rElec
                  | Will+ rCorr}
 36460 | Gauntlet | Identified the +1 broad axe of Tension {freeze, rElec}
 36773 | D:12     | Offered knowledge of Conjure Ball Lightning by Vehumet.
 37048 | D:12     | Noticed Frances
 37212 | D:12     | Acquired 564 gold pieces
 37257 | D:12     | Found a radiant altar of Vehumet.
 37751 | Shoals:1 | Entered Level 1 of the Shoals
 38714 | Shoals:4 | Entered Level 4 of the Shoals
 38715 | Shoals:4 | Found a hazy altar of Hepliaklqana.
 39018 | Shoals:4 | Mangled by a merfolk

Illustrated notes

Levels and vault maps discovered:
D:1:      nicolae_arrival_memento_mori, layout_basic,
          hangedman_decor_clover_reticule, hangedman_abyss_or_decor_stabs,
          minmay_misc_feat_five, st_stairs_9, corner_web_ring
D:2:      layout_basic, minmay_divided_ellipse
D:3:      layout_rooms
D:4:      layout_cave_pools, fedhas_altar_1, eat_drink_and_be_merry_uskayaw
D:5:      layout_rooms, overflow_temple_1_default, serial_shops, shop,
          minmay_misc_feat_plants, kennysheep_generic_room_16
D:6:      layout_loops_ring, mainiacjoe_overflow_catwalk,
          minmay_temple_entry_butterflies, cheibrodos_sewer_entry_sluice
D:7:      layout_gridville, st_stairs_3, chequers_serial_rivers_large_a,
          minmay_crossroads
D:8:      layout_layer_cave, david_defended_altar_orc
D:9:      layout_long_grid, minivault_16, chequers_serial_rivers_micro_b,
          uniq_maggie, uniq_pikel
D:10:     layout_roguey [special_room_bee],
          chequers_temple_overflow_statue_of_worship, lair_entry_dummy,
          orc_david_3, kennysheep_island_fort, uniq_erolcha, uniq_josephine
D:11:     layout_irregular_city
D:12:     layout_cave_pools, gauntlet_entry_generic, vehumet_statue,
          uniq_frances
Temple:   regret_index_temple_sphere_string
Lair:1:   layout_misc_corridors, beast_lair_carwin_4
Lair:2:   nzn_winding_woodlands_huge [nzn_winding_woodlands_5x15_garden,
          nzn_winding_woodlands_5x15_eye,
          nzn_winding_woodlands_5x15_lazy_stream,
          nzn_winding_woodlands_5x15_zeroes,
          nzn_winding_woodlands_5x15_sawtooth,
          nzn_winding_woodlands_5x15_river_crossing,
          nzn_winding_woodlands_5x15_sidewinder,
          nzn_winding_woodlands_5x15_pathside_ponds,
          nzn_winding_woodlands_5x15_longhouse,
          nzn_winding_woodlands_5x15_concentric,
          nzn_winding_woodlands_center_triple_pond,
          nzn_winding_woodlands_center_diamonds,
          nzn_winding_woodlands_15x15_boxy_spiral], layout_gridlike,
          minmay_shoals_entry_beasts, infiniplex_staircase_pool, uniq_sonja
Lair:3:   layout_gridlike
Lair:4:   layout_regular_city, patterned_corridor
Lair:5:   gammafunk_worm_tunnel, layout_long_grid, slime_altar_2,
          gammafunk_ghost_icy, st_stairs_8, serial_bayou_shore_b, uniq_kirke
Lair:6:   minmay_lair_end_enchanted_forest, layout_regular_city,
          hangedman_lair_unloving_vines, small_statue_intersection, st_stairs_11
Shoals:1: layout_shoals
Shoals:2: layout_shoals, uniq_polyphemus
Shoals:3: layout_shoals, serial_shops, shop_fountains, uniq_ilsuiw
Shoals:4: shoals_end_simple, layout_shoals, portal_ice_cave_entry_pillars_1,
          hangedman_feature_mirror
Orc:1:    layout_caves
Orc:2:    st_orc_town, layout_caves, nicolae_orc_rich_vein

Skill      XL: |  1  2  3  4  5  6  7  8  9 10 11 12 13 14 15 |
---------------+----------------------------------------------+-----
Spellcasting   | 3 4 5 6 7 8 9 10 | 10.8
Shields        | 1 2 3 4 |  4.0
Earth Magic    | 4 5 6 7 8 9 10 11 | 11.3
Conjurations   | 1 2 3 4 5 6 8 9 10 11 | 11.2
Dodging        | 2 3 4 5 6 7 8 9 |  9.0
Fighting       | 1 3 4 5 6 7 9 10 | 10.5
Evocations     | 2 3 4 5 6 |  6.5
Hexes          | 1 3 4 5 6 7 |  7.1
Short Blades   | 2 |  2.0
Long Blades    | 1 3 5 6 7 |  7.4
Summonings     | 4 7 8 |  8.9
Staves         | 4 |  4.4
Stealth        | |  1.7
Transmutations | |  1.0

Action                   |  1- 3 |  4- 6 |  7- 9 | 10-12 | 13-15 || total
-------------------------+-------+-------+-------+-------+-------++-------
Melee: Unarmed           |     4 |       |       |       |       ||     4
       Tailslap          |     6 |     2 |    13 |    32 |    82 ||   135
       Short sword       |    41 |    29 |    23 |       |    11 ||   104
       Falchion          |       |       |    81 |   175 |   273 ||   529
       Long sword        |       |       |       |       |   173 ||   173
       Staff             |       |       |       |       |    72 ||    72
Throw: Dart              |       |       |       |     1 |       ||     1
 Cast: Sandblast         |    41 |    56 |    10 |    15 |    12 ||   134
       Stone Arrow       |       |    16 |   117 |   202 |   249 ||   584
       Iron Shot         |       |       |       |    60 |   250 ||   310
       Lee's Rapid Decon |       |       |       |       |    43 ||    43
       Spellforged Servi |       |       |       |       |     3 ||     3
       Summon Guardian G |       |       |       |       |     2 ||     2
       Summon Lightning  |       |       |       |       |     1 ||     1
 Abil: Breathe Fire      |       |       |    19 |    41 |    19 ||    79
Evoke: Wand              |       |       |       |       |     8 ||     8
       Lightning rod     |       |       |       |       |     6 ||     6
  Use: Scroll            |       |       |     8 |       |    25 ||    33
       Potion            |       |       |     1 |     2 |     7 ||    10
 Stab: Sleeping          |     1 |       |     2 |     1 |     1 ||     5
Armor: Skin              |    23 |    25 |    66 |    52 |   267 ||   433
Dodge: Dodged            |    42 |    42 |   109 |   191 |   553 ||   937
Block: Buckler           |       |       |    48 |    58 |   452 ||   558
       Reflection        |       |       |       |       |    20 ||    20
       Rpst.: Falchion   |       |       |    24 |    62 |    79 ||   165
       Long sword        |       |       |       |       |    37 ||    37

Table legend: (Time is in decaauts)
 A = Elapsed time spent in this place.
 B = Non-inter-level travel time spent in this place.
 C = Inter-level travel time spent in this place.
 D = Time resting spent in this place.
 E = Time spent auto-exploring this place.
 F = Levels seen in this place.
 G = Mean time per level.
                   A        B        C        D        E       F      G
               +--------+--------+--------+--------+--------+-----+--------+
         Total |  39335 |  37606 |   1729 |  16528 |  14565 |  27 | 1456.9 |
       Dungeon |  17242 |  16312 |    930 |   5474 |   8383 |  12 | 1436.8 |
        Temple |    202 |    171 |     31 |      0 |    169 |   1 |  202.0 |
          Lair |  16524 |  15840 |    684 |   8430 |   4974 |   6 | 2754.0 |
        Shoals |   1177 |   1177 |      0 |    731 |     37 |   4 |  294.2 |
  Orcish Mines |   3313 |   3232 |     81 |   1759 |    704 |   2 | 1656.5 |
         Sewer |    414 |    414 |      0 |      0 |    296 |   1 |  414.0 |
      Gauntlet |    459 |    459 |      0 |    133 |      0 |   1 |  459.0 |
               +--------+--------+--------+--------+--------+-----+--------+

Top non-repeatable levels by time:
  Lair:2: 4550 daAuts
  Lair:6: 3951 daAuts
  Lair:5: 2625 daAuts
    D:10: 2604 daAuts
   Orc:2: 2340 daAuts
     D:8: 2006 daAuts
  Lair:1: 1932 daAuts
  Lair:3: 1892 daAuts
     D:9: 1788 daAuts
  Lair:4: 1571 daAuts
    D:11: 1417 daAuts
     D:2: 1412 daAuts
     D:6: 1354 daAuts
     D:4: 1283 daAuts
     D:7: 1221 daAuts
